 Dungeon Crawl Stone Soup version 0.30.1-11-g7821555f0a (webtiles) character file.

Game seed: 6457757055789187723

177 Joey1 the Trooper (level 5, 47/47 HPs) *EXPLORE*
             Began as a Minotaur Fighter on Sept 2, 2023.
             Got out of the dungeon alive.
             The game lasted 00:10:40 (1900 turns).

Joey1 the Trooper (Minotaur Fighter)                Turns: 1900, Time: 00:10:41

Health: 47/47      AC: 10    Str: 22    XL:     5   Next: 30%
Magic:  4/4        EV:  8    Int:  5    God:
Gold:   47         SH:  4    Dex: 10    Spells: 4/4 levels left

rFire   . . .        a - +0 war axe
rCold   . . .        c - +0 buckler
rNeg    . . .        m - +0 chain mail
rPois   .            (helmet restricted)
rElec   .            (no cloak)
rCorr   .            (no gloves)
SInv    .            j - +0 pair of boots
Will    .....        (no amulet) Stlth
                     (no ring)
HPRegen 0.27/turn    (no ring)
MPRegen 0.09/turn

%: no passive effects
@: no status effects
A: horns 2, retaliatory headbutt
a: no special abilities


You escaped.
You visited 1 branch of the dungeon, and saw 3 of its levels.

You collected 102 gold pieces.
You spent 55 gold pieces at shops.

Inventory:

Hand Weapons
 a - a +0 war axe (weapon)
Missiles
 n - 2 atropa-tipped darts (quivered)
Armour
 b - a +0 scale mail
 c - a +0 buckler (worn)
 j - a +0 pair of boots (worn)
 m - a +0 chain mail (worn)
Jewellery
 f - a ring of magical power
 k - a ring of positive energy
 o - a ring of magical power
Wands
 u - a wand of acid (4)
Scrolls
 e - 2 scrolls of identify {unknown}
 h - a scroll of acquirement {unknown}
 i - 3 scrolls of teleportation {unknown}
 l - a scroll of magic mapping {unknown}
 q - a scroll of immolation {unknown}
 t - a scroll of enchant armour {unknown}
 v - a scroll of torment {unknown}
Potions
 d - a potion of might
 g - 2 potions of curing {unknown}
 p - 2 potions of heal wounds
 r - a potion of flight {unknown}
 s - a potion of attraction {unknown}
 w - a potion of brilliance {unknown}


   Skills:
 + Level 4.8 Fighting
 * Level 4.4 Axes
 - Level 4.3 Armour
 + Level 1.5 Dodging
 - Level 4.2 Shields


You had 4 spell levels left.
You didn't know any spells.
Your spell library contained the following spells:

 Spells                   Type           Power      Damage    Failure   Level
 Beastly Appendage        Tmut           0%         N/A       99%         1
 Magic Dart               Conj           0%         1d3       99%         1
 Searing Ray              Conj           0%         2d4       99%         2
 Wereblood                Tmut           0%         N/A       99%         2
 Spider Form              Tmut/Pois      0%         N/A       100%        3
 Fulminant Prism          Conj/Hex       0%         3d5       100%        4


Dungeon Overview and Level Annotations

Branches:
Dungeon (3/15)

Altars:
Nemelex Xobeh

Shops:
D:2 !

Annotations:
D:3 2 transporters, Natasha


Innate Abilities, Weirdness & Mutations

You have a pair of horns on your head.
You reflexively headbutt those who attack you in melee.


Message History

Found a stone staircase leading down.
i - 3 scrolls labelled GUMIDI KADGH (gained 1)
The orc priest shouts!
You hear a shout!
The shadow imp shouts, "Relinquish hope, thou gorbellied hedge-born veal!"
An orc comes into view. It is wielding a +0 mace.
You hit the orc but do no damage. The orc hits you but does no damage.
You slash the orc!
You kill the orc!
A worm comes into view.
Things that are here:
a +0 mace; a +0 leather armour You hit the worm.
The worm is moderately wounded.
The worm bites you but does no damage.
You slash the worm!
You kill the worm!
Found a whip.
Level annotation: 2 transporters Options error: Option 'wiz_mode' is disabled in this build. (~/.crawlrc:1) Welcome back, Joey1 the Minotaur Fighter.
Press ? for a list of commands and other information.
Unknown command.
Unknown command.
Unknown command.
Things that are here:
a +0 leather armour; a +0 mace Natasha, Servant of Life and Death comes into view.
She is carrying a wand of roots (4).
You can't go up here!
Things that are here:
a +0 chain mail; a +0 dagger
There is a stone staircase leading up, spattered with blood here.
You climb upwards.
There is a stone staircase leading down here.
There is a stone staircase leading up here.
You climb upwards.
There is a stone staircase leading down here.
You see here a +0 whip.
There is a staircase leading out of the dungeon here.
Are you sure you want to leave the Dungeon?
This will make you lose the game!
You have escaped!

#.# ##.######
#.# ##..# #.#
#####..## #.#
###.......##
#.#
##...#####..##
## #.###..###
##..#
.###.#...##
##.#
.....#.###
######.#
###.##.#
#.>@...#
.....>.#
########
########


There were no monsters in sight!

Vanquished Creatures
  A hound (D:3)
  Ijyb (D:3)
  Natasha (D:3)
  4 adders
  2 worms
  2 dart slugs (D:2)
  An orc (D:3)
  4 endoplasms
  A giant cockroach (D:2)
  A goblin (D:3)
  2 hobgoblins
  4 jackals (D:2)
  5 quokkas
  6 ball pythons
  7 bats
  6 frilled lizards
  2 kobolds
  4 rats
54 creatures vanquished.

Vanquished Creatures (others)
  A bat (D:3)
  A goblin (D:3)
2 creatures vanquished.

Grand Total: 56 creatures vanquished

Notes
Turn   | Place    | Note
-------+----------+-------------------------------------------
     0 | D:1      | Joey1 the Minotaur Fighter began the quest for the Orb.
     0 | D:1      | Reached XP level 1. HP: 19/19 MP: 0/0
    11 | D:1      | Entered explore mode.
   117 | D:1      | Frozen to death by an endoplasm (5 damage)
   321 | D:1      | Reached XP level 2. HP: 27/27 MP: 1/1
   717 | D:2      | Found Vekux's Distillery.
   774 | D:2      | Reached XP level 3. HP: 28/33 MP: 2/2
   782 | D:2      | Bought a potion of heal wounds for 55 gold pieces
  1114 | D:2      | Reached XP level 4. HP: 24/41 MP: 3/3
  1272 | D:3      | Noticed Ijyb
  1276 | D:3      | HP: 1/41 [hound (5)]
  1277 | D:3      | Killed from afar by Ijyb (14 damage)
                  | ... with a bolt of acid
  1280 | D:3      | Killed Ijyb
  1283 | D:3      | Reached skill level 1 in Dodging
  1392 | D:3      | Reached XP level 5. HP: 47/47 MP: 4/4
  1427 | D:3      | Found a faded altar of an unknown god.
  1431 | D:3      | Found a sparkling altar of Nemelex Xobeh.
  1496 | D:3      | Found a transporter.
  1637 | D:3      | Found a transporter.
  1706 | D:3      | Noticed Natasha
  1711 | D:3      | Killed Natasha
  1819 | D:3      | Upgraded the game from 0.30.1-4-g462c640d31 to
                  | 0.30.1-11-g7821555f0a
  1838 | D:3      | Noticed Natasha
  1900 | D:$      | Got out of the dungeon alive.

Illustrated notes

Levels and vault maps discovered:
D:1:      dpeg_arrival_tiny_j, layout_basic, minmay_misc_feat_more_columns
D:2:      layout_rooms, serial_shops, nicolae_shop_window_shopping
D:3:      gammafunk_wand_slinger, layout_loops_cross,
          nicolae_overflow_ecumenical_swirl, uniq_ijyb, uniq_natasha

Skill      XL: |  1  2  3  4 |
---------------+-------------+-----
Fighting       | 4 |  4.8
Axes           | 3 4 |  4.4
Armour         | 4 |  4.3
Shields        | 4 |  4.2
Dodging        | 1 |  1.5

Action                     |  1- 3 |  4- 6 || total
---------------------------+-------+-------++-------
  Melee: War axe           |    91 |    44 ||   135
         Headbutt          |     9 |     4 ||    13
 Armour: Scale mail        |    29 |       ||    29
         Chain mail        |    35 |    22 ||    57
  Dodge: Dodged            |    47 |    19 ||    66
  Block: Buckler           |    28 |     8 ||    36
